Map: Defender's Landing LE

Players

souL

  • Race: Terran Terran
  • Spawn Location: 1:00

PtitDrogo - Winner!

  • Race: Protoss Protoss
  • Spawn Location: 7:00

Event: WCS Valencia 2017

VOD

Have the link to the VOD?

Description

Time

  • Played on: July 13, 2017, 2:12 p.m.
  • Length: 11:04

All games in this series

Show
View Real Time Build Order
Export as new Build Order

souL Terran 

Build Orders:  

Get SALT Encoding   

  12  0:00  SCV  
  13  0:12  SCV  
  14  0:17  Supply Depot  
  14  0:24  SCV  
  14  0:27  Refinery  
  15  0:38  SCV  
  16  0:44  Barracks  
  16  0:50  SCV  
  17  1:02  SCV  
  18  1:14  SCV  
  19  1:30  Marine  
  19  1:31  Orbital Command  
  20  1:47  Command Center  
  20  1:50  Barracks Reactor  
  20  2:02  SCV  
  21  2:08  Factory  
  21  2:09  Refinery  
  21  2:19  SCV, Supply Depot  
  22  2:27  Marine  
  23  2:40  Marine, SCV  
  25  2:45  Marine  
  26  2:51  Factory Reactor  
  26  2:52  SCV, Starport  
  26  2:58  Marine  
  28  3:02  Orbital Command  
  28  3:03  Marine  
  29  3:07  SCV  
  29  3:16  Marine  
  29  3:18  Engineering Bay  
  30  3:20  Marine  
  32  3:32  Cyclone  
  34  3:36  Cyclone  
  34  3:39  Medivac  
  39  3:45  Missile Turret  
  39  3:46  Marine  
  40  3:49  Marine  
  40  3:52  SCV  
  43  3:58  SCV, Supply Depot  
  43  4:04  SCV  
  44  4:19  SCV, Cyclone x2  
  44  4:20  Marine  
  44  4:21  Marine  
  53  4:25  SCV  
  54  4:35  Supply Depot  
  54  4:49  Supply Depot  
  54  4:52  SCV, Marine x2, Viking, Supply Depot  
  54  4:54  SCV  
  54  4:57  Bunker  
  52  5:01  Cyclone  
  52  5:04  Cyclone  
  58  5:09  SCV x2  
  58  5:10  Marine  
  61  5:14  Marine  
  63  5:21  SCV x2  
  64  5:32  Barracks  
  64  5:33  SCV x2  
  64  5:35  Cyclone  
  68  5:45  SCV  
  68  5:46  Marine  
  68  5:47  Marine, SCV  
  67  5:57  SCV  
  67  5:59  SCV  
  68  6:04  Marine  
  68  6:05  Marine  
  68  6:09  SCV  
  65  6:22  Marine x2  
  51  6:49  SCV  
  55  6:54  SCV  
  47  7:01  SCV  
  47  7:06  SCV  
  47  7:08  Barracks Tech Lab  
  52  7:13  SCV  
  49  7:20  Command Center  
  49  7:21  SCV  
  48  7:25  SCV  
  49  7:33  SCV  
  49  7:35  Stimpack  
  49  7:37  SCV, Starport Tech Lab  
  50  7:44  Marine x2  
  50  7:46  SCV  
  50  7:49  SCV  
  53  7:54  Cloaking Field  
  53  7:55  Banshee  
  53  7:58  SCV  
  53  8:00  Marine  
  53  8:02  SCV  
  53  8:04  Marine x2  
  52  8:10  SCV  
  53  8:14  SCV  
  53  8:17  Factory Reactor  
  53  8:18  Marine  
  53  8:22  Marine, SCV  
  53  8:26  SCV  
  56  8:28  Terran Infantry Weapons Level 1  
  56  8:30  Marine  
  56  8:31  Refinery  
  57  8:34  SCV  
  57  8:36  Marine  
  57  8:38  SCV, Banshee  
  57  8:41  Orbital Command  
  63  8:43  Marine  
  63  8:46  SCV  
  63  8:48  Marine  
  66  8:50  SCV  
  66  8:54  Marine  
  68  8:58  SCV, Barracks  
  68  9:02  SCV  
  70  9:03  Factory Reactor, Refinery  
  70  9:05  Marine  
  70  9:06  Orbital Command, Supply Depot  
  71  9:10  SCV  
  71  9:11  Marine  
  71  9:14  SCV  
  74  9:22  SCV  
  75  9:24  Barracks  
  75  9:26  SCV, Barracks  
  75  9:27  Marine  
  75  9:28  Marine  
  75  9:34  SCV  
  75  9:35  Marine  
  77  9:39  SCV x2  
  77  9:40  Combat Shields  
  77  9:41  Widow Mine x2  
  83  9:45  Marine  
  83  9:47  SCV  
  83  9:51  SCV, Barracks Tech Lab  
  83  9:54  SCV  
  83  9:57  Missile Turret  
  83  9:59  SCV  
  85  10:02  Supply Depot x2  
  85  10:03  SCV  
  85  10:06  SCV  
  87  10:07  Refinery  
  87  10:08  Starport  
  87  10:11  SCV  
  87  10:12  Widow Mine x2  
  92  10:15  SCV  
  93  10:24  SCV x2  
  93  10:25  Barracks Reactor  
  93  10:26  Barracks Tech Lab, Medivac x2, Supply Depot x2  
  93  10:27  SCV  
  100  10:36  SCV x2, Refinery  
  100  10:39  SCV, Marine  
  100  10:40  Marauder, Marine  
  100  10:41  Marauder  
  97  10:46  Starport Reactor  
  97  10:48  SCV  
Show
View Real Time Build Order
Export as new Build Order

PtitDrogo Protoss - Winner!

Build Orders: 1 Gate Expand, Oracle Opening 

Get SALT Encoding   

  12  0:01  Probe (Chrono Boost)  
  13  0:11  Probe (Chrono Boost)  
  14  0:17  Pylon  
  14  0:22  Probe (Chrono Boost)  
  15  0:35  Probe (Chrono Boost)  
  16  0:36  Gateway  
  16  0:46  Probe (Chrono Boost)  
  16  0:47  Assimilator  
  17  0:56  Probe (Chrono Boost)  
  18  1:07  Probe (Chrono Boost)  
  19  1:19  Nexus  
  19  1:29  Cybernetics Core  
  19  1:33  Probe (Chrono Boost)  
  19  1:37  Assimilator  
  20  1:43  Probe (Chrono Boost)  
  21  1:48  Pylon  
  22  1:54  Probe (Chrono Boost)  
  22  2:01  Warp Gate  
  22  2:04  Probe (Chrono Boost)  
  22  2:06  Adept (Chrono Boost)  
  25  2:16  Probe  
  26  2:28  Probe  
  27  2:32  Stargate  
  27  2:33  Probe  
  27  2:36  Adept (Chrono Boost)  
  30  2:40  Probe  
  30  2:43  Probe  
  32  2:52  Probe  
  32  2:54  Probe  
  34  3:00  Adept (Chrono Boost)  
  34  3:04  Probe x2  
  38  3:13  Gateway  
  38  3:14  Gateway  
  38  3:16  Probe  
  38  3:18  Oracle (Chrono Boost)  
  42  3:22  Probe  
  42  3:26  Pylon  
  43  3:29  Probe  
  45  3:34  Probe  
  45  3:41  Probe  
  46  3:46  Probe  
  47  3:50  Oracle (Chrono Boost)  
  47  3:52  Pylon  
  47  3:53  Probe  
  51  3:58  Probe  
  51  3:59  Pylon  
  52  4:05  Probe  
  53  4:10  Stalker x3  
  59  4:22  Probe  
  59  4:23  Pylon, Mothership Core  
  62  4:30  Pylon  
  60  4:33  Pylon  
  60  4:34  Stalker  
  60  4:36  Pylon  
  61  4:57  Probe x2  
  61  4:58  Pylon, Stalker  
  65  5:01  Assimilator  
  65  5:02  Stalker  
  65  5:03  Assimilator  
  65  5:04  Stalker  
  69  5:10  Probe  
  69  5:11  Pylon  
  70  5:15  Probe  
  71  5:22  Probe  
  72  5:32  Stalker x3  
  72  5:33  Probe  
  72  5:34  Probe  
  75  5:58  Stalker x3  
  75  6:06  Probe  
  75  6:09  Oracle (Chrono Boost)  
  75  6:12  Mothership Core  
  76  6:22  Zealot x2  
  76  6:23  Zealot  
  76  6:29  Probe  
  53  6:33  Probe  
  49  6:41  Probe  
  49  6:44  Stalker  
  49  6:45  Probe, Stalker x2  
  56  6:54  Probe  
  54  6:57  Probe  
  55  7:06  Probe  
  56  7:10  Probe (Chrono Boost), Oracle (Chrono Boost)  
  56  7:13  Forge, Twilight Council  
  60  7:17  Stalker  
  60  7:18  Probe (Chrono Boost), Stalker x2  
  60  7:22  Probe (Chrono Boost)  
  68  7:29  Probe (Chrono Boost)  
  69  7:32  Probe (Chrono Boost)  
  70  7:42  Nexus  
  70  7:44  Pylon  
  70  7:45  Probe x2 (Chrono Boost)  
  70  7:50  Protoss Ground Weapons Level 1  
  68  8:00  Blink (Chrono Boost)  
  68  8:05  Probe (Chrono Boost)  
  66  8:10  Probe  
  67  8:17  Probe  
  67  8:19  Gateway x2  
  68  8:23  Gateway x2  
  68  8:24  Robotics Facility  
  68  8:26  Gateway  
  69  8:27  Probe  
  69  8:29  Probe  
  69  8:30  Sentry x2  
  69  8:33  Sentry  
  76  8:39  Probe  
  76  8:41  Probe  
  78  8:51  Probe, Assimilator  
  78  8:53  Probe x2  
  81  8:56  Assimilator  
  81  9:04  Probe  
  81  9:08  Sentry  
  84  9:12  Observer (Chrono Boost)  
  84  9:16  Phoenix  
  85  9:19  Stalker x4  
  91  9:29  Probe  
  91  9:30  Photon Cannon, Probe  
  93  9:31  Pylon, Photon Cannon  
  90  9:40  Stalker x3  
  95  9:48  Probe  
  95  9:49  Probe x2  
  95  9:59  Warp Prism (Chrono Boost)  
  97  10:00  Probe  
  97  10:01  Probe  
  99  10:08  Sentry x2  
  99  10:09  Stalker  
  99  10:13  Probe  
  107  10:15  Probe  
  107  10:19  Robotics Bay  
  107  10:23  Probe  
  107  10:25  Stalker  
  107  10:26  Stalker  
  112  10:29  Stalker  
  110  10:43  Stalker x3  
  116  10:53  Pylon  
  116  10:55  Pylon  
Tags
 
Add a new tag
Caveats
  • Supply blocks, unpowered buildings, or Contaminate may cause inaccurate times.
  • Supply counts are checked every 10 seconds.